 Dungeon Crawl Stone Soup version 0.24-a0-139-geb6712d24a (webtiles) character file.

Game seed: 11876390352758406280

86 Morbidden the Insei (level 4, -4/40 HPs)
             Began as a Draconian Monk on Mar 3, 2019.
             Killed from afar by Natasha (10 damage)
             ... with a magic dart
             ... on level 2 of the Dungeon.
             The game lasted 00:03:47 (2081 turns).

Morbidden the Insei (Draconian Monk)                Turns: 2081, Time: 00:03:47

Health: -4/40      AC:  5    Str: 14 (15) XL:     4   Next: 27%
Magic:  4/4        EV: 17    Int: 10 (12) God:
Gold:   99         SH:  0    Dex: 17 (18) Spells: 3/3 levels left

rFire    . . .     SeeInvis .     - Unarmed
rCold    . . .     Gourm    .   (no shield)
rNeg     . . .     Faith    .   (armour unavailable)
rPois    .         Spirit   .   (helmet restricted)
rElec    .         Reflect  .   (no cloak)
rCorr    .         Harm     .   (no gloves)
MR       .....     Clarity  +   (no boots)
Stlth    ++++......             (no amulet)
HPRegen  0.13/turn              (no ring)
MPRegen  0.09/turn              (no ring)

@: agile, very slightly contaminated, heavily drained
A: unfitting armour, stinger 1, camouflage 1, clarity, strong 1, cold-blooded,
AC +5
a: no special abilities


You were on level 2 of the Dungeon.
You were hungry.

You visited 1 branch of the dungeon, and saw 2 of its levels.

You collected 99 gold pieces.

Inventory:

Comestibles
 a - 7 rations


   Skills:
 * Level 3.9(2.5) Fighting
 + Level 3.1(1.8) Dodging
 + Level 1.9(0.6) Stealth
 * Level 4.3(3.0) Unarmed Combat


You had 3 spell levels left.
You didn't know any spells.
Your spell library was empty.

Dungeon Overview and Level Annotations

Branches:
Dungeon (2/15)

Altars:
Fedhas

Annotations:
D:2 Natasha


Innate Abilities, Weirdness & Mutations

Your plain brown scales are hard. (AC +5)
You cannot fit into any form of body armour.
You are cold-blooded and may be slowed by cold attacks.
Your tail ends in a poisonous barb.
Your skin changes colour to match your surroundings (Stealth+).
You possess an exceptional clarity of mind.
Your muscles are strong. (Str +2)


Message History

Unknown command.
You hit the jackal. You tail-slap the jackal.
You kill the jackal!
Unknown command.
You barely miss Natasha. Natasha claws you.
* * * LOW HITPOINT WARNING * * *
You hit Natasha.
Your tail-slap misses Natasha.
Your punch misses Natasha.
Natasha is lightly wounded.
Natasha claws you.
* * * LOW HITPOINT WARNING * * *
Unknown command.
Unknown command.
Unknown command.
Blink to where?
Press: ? - help, Dir - move target cursor You are very lightly contaminated with residual magic.
As you read the scroll of blinking, it crumbles to dust.
Natasha stares at you and mumbles some strange words.
The magic dart hits you!
You die...

### ..#
..# #.#
#.# #..
#.# #.#
#.# ...
#@# .. #.#
# #.# #.#
#.# #.
##.# .##.#
..## ....
.h.#
###.####)#


You could see Natasha.

Vanquished Creatures
  2 adders (D:2)
  An ooze (D:1)
  A worm (D:2)
  3 dart slugs
  A leopard gecko (D:1)
  A giant cockroach (D:1)
  6 goblins
  10 hobgoblins
  5 jackals
  5 kobolds
  A quokka (D:2)
  4 bats
  3 frilled lizards
  10 rats
53 creatures vanquished.

Notes
Turn   | Place    | Note
-------+----------+-------------------------------------------
     0 | D:1      | Morbidden the Draconian Monk began the quest for the Orb.
     0 | D:1      | Reached XP level 1. HP: 19/19 MP: 1/1
   111 | D:1      | Reached XP level 2. HP: 26/26 MP: 2/2
   493 | D:1      | Reached XP level 3. HP: 30/33 MP: 3/3
  1190 | D:2      | Reached skill level 4 in Unarmed Combat
  1598 | D:2      | Reached XP level 4. HP: 32/40 MP: 4/4
  2045 | D:2      | Found a blossoming altar of Fedhas.
  2045 | D:2      | Noticed Natasha
  2058 | D:2      | Gained mutation: Your tail ends in a poisonous barb.
                  | [potion of mutation]
  2058 | D:2      | Gained mutation: You possess an exceptional clarity of
                  | mind. [potion of mutation]
  2058 | D:2      | Gained mutation: Your muscles are strong. (Str +2) [potion
                  | of mutation]
  2058 | D:2      | Gained mutation: Your skin changes colour to match your
                  | surroundings (Stealth+). [potion of mutation]
  2081 | D:2      | Killed from afar by Natasha

Levels and vault maps discovered:
D:1:      lightli_arrival_boilingwater, layout_loops_ring,
          chequers_serial_rivers_small_b
D:2:      layout_basic, old_standard_altar, first_ration, lemuel_statue_altar,
          uniq_terence, uniq_natasha

Skill      XL: |  1  2  3 |
---------------+----------+-----
Dodging        | 3 |  3.1
Unarmed Combat | 4 |  4.3
Fighting       | |  3.9
Stealth        | |  1.9

Action                   |  1- 3 |  4- 6 || total
-------------------------+-------+-------++-------
Melee: Unarmed           |   176 |    45 ||   221
       Tailslap          |    11 |     7 ||    18
       Punch             |     3 |       ||     3
  Use: Potion            |       |     5 ||     5
       Scroll            |       |     2 ||     2
 Stab: Sleeping          |     3 |       ||     3
  Eat: Chunk             |     1 |     2 ||     3
Armor: Skin              |    52 |    15 ||    67
Dodge: Dodged            |    98 |    57 ||   155

Table legend:
 A = Non-vault XP
 B = Vault XP
 C = Vault XP percentage of total XP
 D = Non-vault monster count
 E = Vault monster count
 F = Vault count percentage of total count
                 A         B        C        D         E       F
            +---------+---------+-------+---------+---------+-------
      Total |     124 |       0 |   0.0 |      53 |       0 |   0.0
            +---------+---------+-------+---------+---------+-------
        D:1 |      60 |       0 |   0.0 |      31 |       0 |   0.0
        D:2 |      64 |       0 |   0.0 |      22 |       0 |   0.0
            +---------+---------+-------+---------+---------+-------
